 Dungeon Crawl Stone Soup version 0.31.0-12-g77e489cdc1 (webtiles) character file.

Game seed: 872194073381263864

258 Curundu the Chopper (level 6, -4/48 HPs)
             Began as a Human Berserker on Feb 14, 2024.
             Was a Believer of Trog.
             Slain by an orc
             ... wielding a +0 whip
              (5 damage)
             ... on level 3 of the Dungeon.
             The game lasted 00:08:00 (2537 turns).

Curundu the Chopper (Human Berserker)               Turns: 2537, Time: 00:08:00

Health: -4/48      AC:  5    Str: 19    XL:     6   Next: 16%
Magic:  6/6        EV: 12    Int:  7    God:    Trog [**....]
Gold:   151        SH:  0    Dex: 13    Spells: 5/5 levels left

rFire   . . .        a - +0 hand axe
rCold   . . .        (no shield)
rNeg    . . .        f - +0 ring mail
rPois   .            (no helmet)
rElec   .            (no cloak)
rCorr   .            (no gloves)
SInv    .            (no boots)
Will    .....        (no amulet)
Stlth   +            (no ring)
HPRegen 0.28/turn    (no ring)
MPRegen 0.10/turn

%: no passive effects
@: on berserk cooldown, slowed, very slow
A: explore regen
a: Renounce Religion, Berserk, Trog's Hand


You were on level 3 of the Dungeon.
You worshipped Trog.
Trog was pleased with you.
You visited 1 branch of the dungeon, and saw 3 of its levels.

You collected 151 gold pieces.

Inventory:

Hand Weapons
 a - a +0 hand axe (weapon)
Armour
 f - a +0 ring mail (worn)
Scrolls
 b - 2 scrolls of teleportation {unknown}
 c - 2 scrolls of amnesia {unknown}
 d - 5 scrolls of poison {unknown}
 g - 3 scrolls of identify {unknown}
 i - a scroll of enchant armour {unknown}
 j - a scroll of noise {unknown}
 m - a scroll of silence {unknown}
Potions
 e - 2 potions of might {unknown}
 h - a potion of enlightenment {unknown}
 k - a potion of degeneration {unknown}
 l - a potion of haste {unknown}


   Skills:
 + Level 3.9 Fighting
 + Level 4.9 Axes
 + Level 2.6 Armour
 + Level 3.6 Dodging
 + Level 0.3 Stealth


You had 5 spell levels left.
You didn't know any spells.
Your spell library was empty.

Dungeon Overview and Level Annotations

Branches:
Dungeon (3/15)

Altars:
Vehumet
Yredelemnul


Innate Abilities, Weirdness & Mutations

You regain HP and MP as you explore.


Message History

Unknown command.
You closely miss the gnoll.
The gnoll is severely wounded.
The gnoll misses you.
Unknown command.
You slash the gnoll!
You kill the gnoll!
Trog accepts your kill.
You hear a splash.
The gnoll splashes around in the water.
The gnoll hits you but does no damage.
You feel a strong urge to attack something.
You are no longer berserk.
You are exhausted.
You feel yourself slow down.
The gnoll hits you from afar with a +0 halberd.
* * * LOW HITPOINT WARNING * * *
The gnoll hits you from afar with a +0 halberd.
* * * LOW HITPOINT WARNING * * *
The gnoll attacks as it pursues you! The gnoll misses you.
The gnoll closely misses you. x2
You barely miss the gnoll. You hit the orc. The orc closely misses you.
The gnoll barely misses you. The orc hits you but does no damage.
You closely miss the gnoll. You hit the orc but do no damage.
The gnoll hits you with a +0 halberd.
* * * LOW HITPOINT WARNING * * *
The orc misses you. The gnoll closely misses you. The gnoll barely misses you.
The orc hits you but does no damage.
You hit the plant.
The plant begins to die.
The plant is lightly damaged.
You hit the orc but do no damage. The gnoll barely misses you.
The orc hits you with a +0 whip.
* * * LOW HITPOINT WARNING * * *
The gnoll hits you from afar with a +0 halberd.
* * * LOW HITPOINT WARNING * * *
You barely miss the orc.
The orc is lightly wounded.
You hit the plant. The orc barely misses you. The gnoll closely misses you.
The orc hits you with a +0 whip.
You die...

#.#.# .#....≈≈≈.# )..<#
..#....~≈~.#
#.#.##...#...P~≈###+#
#........#....≈≈#...#############
......#..#....≈≈#.gg#............
.........#....~≈#####g~≈~~~~~~~~~
.........#....≈≈≈≈≈≈≈≈≈≈≈≈≈~≈≈≈≈≈
###......#....~~~≈~~~~~~~)~)~~~~~
###..#.#.#.....P@og.......)......
.......#..................)......
..#..##............########......
..#.†..........#...# ## #......
....#.#............# ... #......
...................##... #......
.....##................. ......##
......................#####....#.
..###................... ......#.


You could see 4 gnolls and an orc.

Vanquished Creatures
  3 howler monkeys (D:3)
  An orc priest (D:3)
  A gnoll (D:3)
  3 adders
  2 dart slugs
  A ribbon worm (D:3)
  4 orcs (D:3)
  6 endoplasms
  3 giant cockroaches
  5 goblins
  7 hobgoblins
  11 jackals (D:3)
  2 quokkas (D:3)
  5 ball pythons
  5 bats
  3 frilled lizards
  2 kobolds
  2 rats (D:1)
66 creatures vanquished.

Notes
Turn   | Place    | Note
-------+----------+-------------------------------------------
     0 | D:1      | Curundu the Human Berserker began the quest for the Orb.
     0 | D:1      | Reached XP level 1. HP: 18/18 MP: 1/1
   264 | D:1      | Reached XP level 2. HP: 21/24 MP: 2/2
   892 | D:2      | Reached ** piety under Trog
   893 | D:2      | Reached XP level 3. HP: 21/29 MP: 3/3
  1310 | D:2      | Found a radiant altar of Vehumet.
  1953 | D:3      | Reached skill level 4 in Axes
  1953 | D:3      | Reached XP level 4. HP: 33/35 MP: 4/4
  2045 | D:3      | Found a basalt altar of Yredelemnul.
  2366 | D:3      | Reached XP level 5. HP: 37/42 MP: 5/5
  2518 | D:3      | Reached XP level 6. HP: 35/48 MP: 6/6
  2536 | D:3      | HP: 1/48 [gnoll/+0 halberd (6)]
  2537 | D:3      | Slain by an orc

Illustrated notes

Levels and vault maps discovered:
D:1:      lemuel_arrival_tunnels, layout_basic
D:2:      layout_basic, basic_altar, minivault_19
D:3:      lemuel_castle_with_subvaults [lemuel_castle_interior_carwin_3],
          layout_basic, mainiacjoe_overflow_cross_hatched,
          mainiacjoe_overflow_boulevard, serial_shops,
          nicolae_shop_back_alley_shop,
          hellmonk_ecumenical_altar_pennies_from_heaven

Skill      XL: |  1  2  3  4  5 |
---------------+----------------+-----
Axes           | 4 |  4.9
Dodging        | 3 |  3.6
Fighting       | |  3.9
Armour         | |  2.6
Stealth        | |  0.3

Action                     |  1- 3 |  4- 6 || total
---------------------------+-------+-------++-------
  Melee: Hand axe          |    99 |   106 ||   205
         Punch             |     2 |     3 ||     5
 Invoke: Berserk           |       |     1 ||     1
 Armour: Animal skin       |    38 |       ||    38
         Ring mail         |    21 |    84 ||   105
  Dodge: Dodged            |    64 |    81 ||   145
